 Dungeon Crawl Stone Soup version 0.20.1-1-g8b1a95d (webtiles) character file.

833274 equalderp2856 the Axe Maniac (level 27, -6/245 HPs)
             Began as a Minotaur Fighter on Oct 5, 2017.
             Splashed by an acid blob's acid (8 damage)
             ... on level 1 of the Pits of Slime on Oct 6, 2017.
             The game lasted 08:50:35 (148931 turns).

equalderp2856 the Axe Maniac (Minotaur Fighter)   Turns: 148931, Time: 08:50:35

Health: -6/245     AC: 13    Str: 23    XL:     27
Magic:  0/29       EV: 18    Int:  8    God:
Gold:   7853       SH:  0    Dex: 15    Spells: 34/48 levels left

rFire    + + .     SeeInvis .   Q - +9 broad axe (flame)
rCold    x . .     Gourm    .   T - +3 shield
rNeg     + + +     Faith    .   J - +10 plate armour of Hangman {+Fly Str+6}
rPois    .         Spirit   +   I - +2 hat {MR+}
rElec    +         Reflect  .   p - +1 cloak {MR+}
rCorr    .         Harm     .   t - +2 pair of gloves
MR       +++++     Clarity  +   K - +2 pair of boots {Fly} Stlth ..........Rnd*Tele +
                                Z - amulet of guardian spirit
Regen    0.5/turn               B - ring of fire
MPRegen  0.3/turn               m - ring of Erorch {rF+ rN+++ MR+ Int-3 Stlth+}

@: confused, corroded, flying
A: retaliatory headbutt, horns 2, talons 1, blurry vision 3, clarity,
deterioration 1, dopey 1, frail 1, low mp 2, electricity resistance,
teleportitis 1, weak 2, sturdy frame 1
}: 5/15 runes: barnacled, slimy, silver, obsidian, gossamer
a: Stop Flying


You were on level 1 of the Pits of Slime.
You were very hungry.

You visited 12 branches of the dungeon, and saw 60 of its levels.
You visited the Abyss 1 time.
You also visited: Sewer, Ice Cave, Volcano and Desolation.

You collected 11456 gold pieces.
You spent 3603 gold pieces at shops.

Inventory:

Hand Weapons
 Q - a +9 broad axe of flaming (weapon)
Armour
 c - a +2 pair of boots of running
 k - the +1 pair of gloves "Rerhaw" {*Corrode Str+6 Int+6}
   (You bought it in a shop on level 4 of the Depths)

   It affects your strength (+6).
   It affects your intelligence (+6).
   It may corrode you when you take damage.
 p - a +1 cloak of magic resistance (worn)
 t - a +2 pair of gloves (worn)
 y - a +2 cloak
 H - a scarf of cloud immunity
 I - a +2 hat of magic resistance (worn)
 J - the +10 plate armour of Hangman (worn) {+Fly Str+6}
   (You bought it in a shop on level 2 of the Orcish Mines)

   It affects your strength (+6).
   It lets you fly.
 K - a +2 pair of boots of flying (worn)
 O - a +2 scale mail of magic resistance
 T - a +3 shield (worn)
Magical Staves
 o - an uncursed staff of poison {unknown}
Jewellery
 e - the ring "Neitango" {Wiz rElec rN+ Dex+3}
   (You found it on level 9 of the Dungeon)

   [ring of wizardry]

   It improves your spell success rate.
   It affects your dexterity (+3).
   It insulates you from electricity.
   It protects you from negative energy.
 j - the ring "Zoeguxte" {rC+ rN+ MR+ Dex+4 Stlth-}
   (You found it in the Desolation of Salt)

   [ring of loudness]

   It affects your dexterity (+4).
   It protects you from cold.
   It protects you from negative energy.
   It affects your resistance to hostile enchantments.
   It makes you less stealthy.
 m - the ring of Erorch (right hand) {rF+ rN+++ MR+ Int-3 Stlth+}
   (You found it in the Desolation of Salt)

   [ring of stealth]

   It affects your intelligence (-3).
   It protects you from fire.
   It renders you almost immune to negative energy.
   It affects your resistance to hostile enchantments.
   It makes you more stealthy.
 r - an uncursed ring of resist corrosion
 B - a ring of fire (left hand)
 D - a cursed -2 ring of intelligence
 E - the amulet of Vitality {Regen+ HP+15}
   (You found it on level 5 of the Pits of Slime)

   [amulet of regeneration]

   It affects your health (+15).
   It increases your rate of regeneration.
 Z - an amulet of guardian spirit (around neck)
Wands
 V - a wand of clouds (0/9)
Scrolls
 a - 2 scrolls of summoning
 g - a scroll of amnesia
 l - 3 scrolls of magic mapping
 s - 19 scrolls of remove curse
 w - 15 scrolls of teleportation
 x - 5 scrolls of blinking
 A - 4 scrolls of torment
 L - 4 scrolls of fog
 R - 7 scrolls of fear
 S - 4 scrolls of identify
Potions
 b - 2 potions of cancellation
 d - 3 potions of might
 i - 11 potions of haste
 n - 4 potions of invisibility
 q - 2 potions of resistance
 v - 5 potions of ambrosia
 z - 14 potions of curing
 G - 3 potions of brilliance
 P - 2 potions of magic
 W - a potion of agility
Books
 M - the Papyrus of Twisted Toxins
   (You found it on level 5 of the Pits of Slime)

   Spells                             Type                      Level
   a - Sting                          Conjuration/Poison           1
   b - Mephitic Cloud                 Conjuration/Poison/Air       3
   c - Vampiric Draining              Necromancy                   3
   d - Venom Bolt                     Conjuration/Poison           5
Miscellaneous
 u - a box of beasts
 C - a phial of floods
 F - a lightning rod (4/4)
 N - a phantom mirror
 X - a sack of spiders
 Y - a lamp of fire (inert)
Comestibles
 f - a meat ration
 U - 12 bread rations


   Skills:
 O Level 27 Fighting
 O Level 27 Axes
   Level 3.4(18.9) Polearms
 * Level 25.4 Armour
 + Level 17.2 Dodging
 - Level 4.9 Stealth
 O Level 27 Shields
 - Level 11.0 Spellcasting
 - Level 2.0 Hexes
 - Level 13.2 Charms
 - Level 3.7 Necromancy
 - Level 11.1 Translocations
 + Level 4.3 Evocations


You had 34 spell levels left.
You knew the following spells:

 Your Spells              Type           Power        Failure   Level  Hunger
a - Magic Dart            Conj           #...         38%         1    None
b - Blink                 Tloc           N/A          1%          2    #......
c - Infusion              Chrm           ####         1%          1    None
d - Shroud of Golubria    Chrm/Tloc      ###.......   1%          2    #......
e - Song of Slaying       Chrm           ####....     1%          2    #......
f - Regeneration          Chrm/Necr      ###.......   3%          3    ###....
g - Spectral Weapon       Hex/Chrm       ###.....     5%          3    ###....


Dungeon Overview and Level Annotations

Branches:
Dungeon (15/15)            Temple (0/1) D:7            Lair (6/6) D:11
 Shoals (4/4) Lair:2       Spider (4/4) Lair:2        Slime (5/5) Lair:5
    Orc (2/2) D:9             Elf (3/3) Orc:2        Vaults (5/5) D:13
  Crypt (3/3) Vaults:2       Tomb (0/3) Crypt:3      Depths (5/5) D:15
   Hell (1/1)                 Dis (0/7) Hell            Geh (7/7) Hell
    Coc (0/7) Hell            Tar (0/7) Hell            Zot (0/5) Depths:5

Altars:
Cheibriados
Dithmenos
Fedhas
Gozag
Kikubaaqudgha
Makhleb
Nemelex Xobeh
Okawaru
Qazlal
Sif Muna
Vehumet
The Shining One
Jiyva

Shops:
D:4 :   D:8 }   D:13 *   Orc:2 :?*[   Elf:2 *   Elf:3 [   Shoals:4 =
Vaults:2 *   Vaults:4 *?%   Depths:1 =   Depths:2 ?   Depths:3 %   Depths:4 [(
Depths:5 *

Portals:
Hell: Depths:1 Depths:2 Depths:3 Depths:4 Depths:5
Abyss: Depths:4
Pandemonium: Depths:3 Depths:5
Ziggurat: Depths:2
Trove: D:15 (give 2 scrolls of acquirement)


Innate Abilities, Weirdness & Mutations

You reflexively headbutt those who attack you in melee.
You have a pair of horns on your head.
You have sharp toenails.
Scrolls take you much longer to read.
You possess an exceptional clarity of mind.
Your body sometimes deteriorates upon taking damage.
You are dopey. (Int -2)
You are frail. (-10% HP)
Your magical capacity is very low. (-20% MP)
You are resistant to electric shocks. (rElec)
You are occasionally teleported next to monsters.
You are very weak. (Str -4)
Your movements are slightly less encumbered by armour. (ER -2)


Message History

* * * LOW HITPOINT WARNING * * *
The acid blob spits acid at you. The splash of acid hits you!
You are splashed with acid!
The acid burns!
* * * LOW HITPOINT WARNING * * *
You are confused.
You feel invigorated.
The acid blob hits you but does no damage.
The acid blob spits acid at you. The splash of acid hits you!
The acid corrodes you!
You are splashed with acid!
The acid burns!
* * * LOW HITPOINT WARNING * * *
The acid blob spits acid at you. The splash of acid hits you!
* * * LOW HITPOINT WARNING * * *
You are splashed with acid!
The acid burns!
* * * LOW HITPOINT WARNING * * *
The acid blob spits acid at you. The splash of acid hits you!
The acid corrodes you!
You are splashed with acid!
The acid burns!
You die...

....# .##....
.............
#...#........ #
#.........# .. #
##........# ..#
##.#.........#....
#........#........
.......@J.........
#.........>......#
.#......J.........
.....#............
.#..........#.....
....#....#..##..##
.#. ##....... #.#
.. #.......# ..#
......... ##


You could see 2 acid blobs.

Vanquished Creatures
  Asmodeus (Geh:7)
  the Royal Jelly (Slime:5)
  An ancient lich (Depths:3)
  2 juggernauts
  A shard shrike (shapeshifter) (Depths:1)
  Geryon (Hell)
  The ghost of Qrupt the Hoplite, a veteran HaFi of Nemelex Xobeh (Depths:3)
  A caustic shrike (Depths:1)
  8 golden dragons
  A bone dragon (Geh:5)
  Jory (Depths:4)
  The ghost of Agrougrou the Warrior, an adept DsFi of Okawaru (Desolation)
  42 Brimstone Fiends
  3 tentacled monstrosities
  An Ice Fiend (IceCv)
  9 liches
  Rupert (D:12)
  9 titans
  3 deep elf blademasters
  A quicksilver dragon (Depths:5)
  The ghost of dvd the Ripper, an adept FeTm of Qazlal (Vaults:5)
  2 deep elf master archers (Elf:3)
  2 tentacled starspawn (Abyss:3)
  28 acid blobs
  3 sphinxes
  6 ancient champions
  Gastronok (Lair:2)
  3 eldritch tentacles
  Ilsuiw (Shoals:4)
  Donald (Spider:3)
  Kirke (D:12)
  7 shadow dragons
  14 tengu reavers
  A draconian monk (Depths:5)
  5 storm dragons
  19 azure jellies
  5 revenants
  4 imperial myrmidons (Desolation)
  5 iron dragons
  17 fire giants
  6 deep elf sorcerers
  4 curse skulls
  17 frost giants
  7 emperor scorpions
  15 vault wardens
  6 orc warlords
  4 ghost moths
  3 deep elf elementalists
  A draconian stormcaller (Depths:5)
  9 war gargoyles
  A spriggan defender (Depths:1)
  25 ghouls
  16 ironheart preservers
  19 balrugs
  21 reapers
  3 green draconians (Depths:5)
  A stone giant (shapeshifter) (Vaults:4)
  7 entropy weavers
  A black draconian (Depths:5)
  31 stone giants
  9 deep elf demonologists
  16 vampire knights
  21 very ugly things
  6 deep elf annihilators
  2 red draconians (Depths:5)
  A lorocyproca (Geh:3)
  A dire elephant (Lair:6)
  10 spark wasps
  5 blizzard demons
  4 merfolk javelineers (Shoals:4)
  17 deep elf death magi
  Snorg (D:13)
  25 ettins
  11 merfolk impalers
  14 jiangshi
  16 fire dragons
  3 quicksilver dragon zombies
  7 death oozes
  6 ragged hierophants (Desolation)
  6 eidola
  6 quicksilver dragon skeletons
  4 servants of whispers (Desolation)
  28 yaktaur captains
  22 great orbs of eyes
  36 vault guards
  Erolcha (D:10)
  6 rakshasas
  9 peacekeepers (Desolation)
  8 hydras
  2 deep elf high priests
  21 ice dragons
  A hell beast (Depths:5)
  4 spriggan air magi
  4 alligator snapping turtles
  2 catoblepae
  4 merfolk avatars
  14 centaur warriors
  A large abomination (Vaults:4)
  34 dancing weapons
  An alligator snapping turtle (shapeshifter) (Depths:2)
  64 two-headed ogres
  6 death yaks (Lair:6)
  6 death knights
  4 satyrs
  23 ogre magi
  9 deep troll shamans
  5 merfolk aquamancers
  4 tengu warriors
  2 orc high priests
  6 spriggan berserkers
  33 hell hogs
  16 vampire magi
  12 deep troll earth magi
  8 titan zombies
  23 sun demons
  7 shadow wraiths
  8 storm dragon zombies
  Nergalle (D:10)
  3 iron golems
  92 hell knights
  7 soul eaters
  36 deep elf knights
  2 wretched stars
  A sixfirhy (Depths:3)
  2 titan skeletons
  4 storm dragon skeletons
  21 skeletal warriors
  48 deep trolls
  4 golden dragon zombies
  A salamander mystic (Depths:1)
  11 sea snakes
  A sea snake (shapeshifter) (Depths:2)
  A ghost moth zombie (Geh:6)
  14 wizards
  13 flayed ghosts
  2 unseen horrors
  6 anaconda zombies
  5 glowing orange brains
  3 iron trolls
  7 golden dragon skeletons
  15 deep elf archers
  23 ironbrand convokers
  Pikel (D:5)
  24 necromancers
  2 harpies (shapeshifter)
  15 phantasmal warriors
  24 orb spiders
  5 anaconda skeletons
  2 lindwurms (Lair:6)
  7 shadow dragon zombies
  5 fire giant zombies
  5 wolf spider zombies
  8 stone giant zombies
  36 wolf spiders
  7 orc sorcerers
  25 harpies
  17 manticores
  4 shadow dragon skeletons
  13 cyclopes
  A cyclops (shapeshifter) (Vaults:5)
  14 fauns
  20 orc knights
  82 deep elf magi
  7 iron dragon zombies
  9 shining eyes
  7 iron dragon skeletons
  3 moths of wrath
  33 ugly things
  4 salamanders (Depths:1)
  2 shock serpent zombies
  5 frost giant zombies
  5 toenail golems (Volcano)
  5 fire giant skeletons
  Maurice (Orc:2)
  16 merfolk sirens
  9 stone giant skeletons
  A manticore (shapeshifter) (Vaults:5)
  6 guardian serpents
  10 rust devils
  A black mamba (shapeshifter) (Vaults:3)
  2 ice statues (Depths:3)
  3 centaur zombies
  10 frost giant skeletons
  5 dire elephant zombies
  28 elephants
  3 black mambas
  A gargoyle (D:12)
  10 smoke demons
  A water nymph (shapeshifter) (Depths:4)
  An eye of devastation (Slime:5)
  8 molten gargoyles
  A catoblepas zombie (Geh:7)
  2 torpor snails
  A naga mage (Abyss:3)
  5 water nymphs
  13 vault sentinels
  2 shock serpent skeletons
  17 spiny frogs
  A green draconian zombie (Crypt:3)
  3 emperor scorpion zombies
  3 dire elephant skeletons
  29 hellions
  13 ice devils
  4 rime drakes
  A rime drake (shapeshifter) (Vaults:4)
  A komodo dragon (shapeshifter) (D:14)
  A kobold demonologist (D:15)
  2 orange demons
  11 efreet
  7 freezing wraiths
  74 yaktaurs
  A grey draconian skeleton (Crypt:3)
  A hellwing (Depths:1)
  6 komodo dragons
  25 tormentors
  2 golden dragon simulacra (IceCv)
  2 black draconian skeletons (Crypt:2)
  An ancient zyme (Abyss:2)
  3 anaconda simulacra (IceCv)
  2 catoblepas skeletons
  A queen bee (shapeshifter) (Depths:4)
  13 demonic crawlers
  A jumping spider (shapeshifter) (Vaults:4)
  8 trolls
  38 merfolk
  7 hydra zombies
  4 harpy zombies
  40 jumping spiders
  30 red devils
  A tengu simulacrum (Depths:1)
  8 tengu conjurers
  6 wind drakes
  17 hornets
  3 harpy skeletons
  81 slime creatures
  A jumping spider zombie (Crypt:2)
  54 saltlings (Desolation)
  A hornet (shapeshifter) (D:13)
  A wolf spider simulacrum (IceCv)
  4 fire dragon zombies
  3 hydra skeletons
  11 blink frogs
  15 hippogriffs
  Prince Ribbit (D:7)
  4 ettin zombies
  A hippogriff (shapeshifter) (Vaults:2)
  2 bog bodies
  3 ice dragon zombies
  5 dream sheep
  A meliai zombie (D:13)
  11 snapping turtles
  A stone giant simulacrum (Vaults:1)
  A death drake skeleton (Crypt:1)
  5 black mamba zombies
  14 air elementals
  119 flying skulls
  3 alligator skeletons
  19 water elementals
  A satyr skeleton (Crypt:1)
  3 fire dragon skeletons
  A ynoxinul (Depths:3)
  Sigmund (D:6)
  6 ettin skeletons
  11 ice dragon skeletons
  94 redbacks
  2 elf zombies
  20 vampires
  41 wraiths
  2 humans (shapeshifter)
  21 shadows
  21 tarantellas
  2 black mamba skeletons
  58 fire elementals
  6 wyverns
  4 spriggans
  2 hogs (D:12)
  A basilisk (shapeshifter) (Vaults:5)
  An elf skeleton (Depths:1)
  3 basilisks
  47 yaks
  A yak (shapeshifter) (Vaults:2)
  3 dire elephant simulacra (IceCv)
  Grum (D:11)
  An elf simulacrum (Depths:5)
  21 golden eyes
  4 vampire mosquitoes (D:14)
  A death yak simulacrum (IceCv)
  Menkaure (D:7)
  A naga (shapeshifter) (Depths:5)
  A yaktaur simulacrum (Vaults:1)
  6 insubstantial wisps (Abyss:2)
  Edmund (D:6)
  7 swamp worms (Lair:6)
  13 wargs
  A harpy simulacrum (IceCv)
  3 iron troll simulacra (IceCv)
  A naga (Abyss:3)
  A faun zombie (Crypt:1)
  20 water moccasins
  A floating eye (Depths:5)
  2 spiny frog zombies (Hell)
  4 hydra simulacra
  4 acid dragons
  49 hell hounds
  An infernal demonspawn skeleton (Crypt:1)
  A floating eye (shapeshifter) (Vaults:4)
  8 porcupines
  Purgy (Sewer)
  A snapping turtle zombie (Geh:7)
  3 spiny frog skeletons
  A swamp dragon zombie (Geh:5)
  A swamp drake (shapeshifter) (Depths:2)
  3 ice beasts
  A slave (D:5)
  A hornet zombie (D:9)
  6 phantoms
  67 orc warriors
  76 ogres
  3 black bears
  An ice dragon simulacrum (Abyss:2)
  2 sky beasts
  An alligator simulacrum (Hell)
  7 eyes of draining
  3 manticore skeletons
  22 necrophages
  15 wolves
  32 centaurs
  An elephant skeleton (Crypt:3)
  3 snapping turtle skeletons
  18 crocodiles
  A torpor snail zombie (Crypt:1)
  2 big kobolds
  2 swamp dragon skeletons
  23 bullfrogs
  2 human skeletons
  A cyclops zombie (Crypt:2)
  2 earth elementals
  A wyvern skeleton (Crypt:3)
  A water moccasin zombie (D:6)
  6 scorpions
  4 killer bees
  A swamp dragon simulacrum (IceCv)
  A yak skeleton (Crypt:3)
  67 wights
  5 electric eels
  5 howler monkeys
  15 crimson imps
  A bullfrog zombie (D:10)
  A quasit (D:9)
  A starcursed mass (Abyss:3)
  11 jellies
  3 human zombies
  2 draconian simulacra (IceCv)
  2 bullfrog skeletons
  3 hounds
  6 small abominations
  2 black bear skeletons
  3 centaur skeletons
  18 orc priests
  An iron imp (Depths:3)
  32 orc wizards
  Ijyb (D:5)
  9 iguanas
  10 worker ants
  5 hell rats (Lair:6)
  A polar bear simulacrum (IceCv)
  5 troll simulacra (IceCv)
  2 wolf simulacra (IceCv)
  2 spriggan simulacra (IceCv)
  A demigod zombie (Crypt:2)
  3 ogre zombies
  A naga zombie (Geh:7)
  An ogre skeleton (Geh:7)
  A tengu zombie (Geh:2)
  2 hound zombies
  A tengu skeleton (Geh:1)
  A hound skeleton (D:5)
  3 worker ant zombies
  A scorpion zombie (Crypt:2)
  6 gnolls
  A howler monkey skeleton (D:5)
  4 adders
  A naga simulacrum (IceCv)
  An ogre simulacrum (IceCv)
  3 shadow imps
  3 white imps (IceCv)
  7 ufetubi
  8 oozes
  An adder skeleton (D:6)
  15 worms
  A worm (shapeshifter) (Depths:4)
  2 dart slugs
  6 leopard geckos
  168 orcs
  2 ball pythons
  9 bats
  A bat skeleton (Crypt:1)
  A bat zombie (D:7)
  A gnoll zombie (Crypt:2)
  8 goblins
  8 hobgoblins
  12 jackals
  2 quokkas
  A quokka (shapeshifter) (Vaults:5)
  11 frilled lizards
  2 frilled lizard zombies
  8 kobolds
  2 kobold zombies
  A leopard gecko skeleton (D:8)
  An orc skeleton (Geh:7)
  6 rats
  2 rat zombies (D:7)
  A river rat skeleton (Crypt:1)
  2 crawling corpses (Vaults:4)
  9 fire vortices (Geh:7)
  7 fungi
  5 plants
  3 starspawn tentacles (Abyss:3)
4027 creatures vanquished.

Vanquished Creatures (others)
  A golden dragon (Vaults:5)
  3 eldritch tentacles
  A storm dragon (Vaults:5)
  A quicksilver dragon zombie (Geh:4)
  6 hell hogs
  2 deep elf knights
  A golden dragon skeleton (Geh:7)
  2 necromancers
  2 deep elf magi (Elf:2)
  An orb spider (Spider:2)
  A stone giant skeleton (Geh:7)
  A hellion (Geh:1)
  A hydra zombie (Geh:7)
  2 ice dragon zombies (Geh:7)
  A redback (Spider:2)
  A wraith (Geh:7)
  3 shadows
  2 fire elementals
  A hell hound (Geh:1)
  2 necrophages
  A centaur (Depths:1)
  3 wights
  2 spriggan skeletons
  A howler monkey (D:5)
  A crimson imp (D:15)
  A human zombie (Geh:4)
  An orc priest (D:5)
  A worker ant (D:5)
  2 adders
  A shadow imp (D:5)
  An ufetubus (IceCv)
  An orc (Orc:1)
  A frilled lizard (D:5)
  5 fire vortices (Geh:7)
  21 fungi
  12 plants
  3 spectral weapons (Geh:7)
  3 starspawn tentacles (Abyss:3)
96 creatures vanquished.

Grand Total: 4123 creatures vanquished

Notes
Turn   | Place    | Note
-------+----------+-------------------------------------------
     0 | D:1      | equalderp2856 the Minotaur Fighter began the quest for the Orb.
     0 | D:1      | Reached XP level 1. HP: 19/19 MP: 0/0
   265 | D:1      | Reached XP level 2. HP: 17/27 MP: 1/1
   798 | D:2      | Reached XP level 3. HP: 33/33 MP: 2/2
  1004 | D:2      | Found a stormy altar of Qazlal.
  1005 | D:2      | Found a blossoming altar of Fedhas.
  1562 | D:3      | Reached XP level 4. HP: 30/40 MP: 3/3
  1667 | D:3      | Found a glowing drain.
  1687 | Sewer    | Entered a sewer
  1796 | Sewer    | Noticed Purgy
  1806 | Sewer    | Killed Purgy
  1806 | Sewer    | Reached skill level 1 in Dodging
  1806 | Sewer    | Reached XP level 5. HP: 40/47 MP: 4/4
  2508 | D:4      | Reached skill level 5 in Armour
  2518 | D:4      | Reached XP level 6. HP: 39/55 MP: 5/5
  2524 | D:4      | Reached skill level 5 in Axes
  2535 | D:4      | Found Dakamus's Book Boutique.
  2849 | D:4      | Reached skill level 5 in Shields
  2853 | D:4      | Found a burning altar of Makhleb.
  2922 | D:4      | Reached skill level 5 in Fighting
  2946 | D:4      | Reached XP level 7. HP: 44/61 MP: 6/6
  3147 | D:4      | Found a deep blue altar of Sif Muna.
  3305 | D:5      | Entered Level 5 of the Dungeon
  3780 | D:5      | Noticed Pikel
  3795 | D:5      | Killed Pikel
  3795 | D:5      | Reached skill level 1 in Stealth
  3795 | D:5      | Reached XP level 8. HP: 56/70 MP: 7/7
  3843 | D:5      | Noticed Ijyb
  3854 | D:5      | Killed Ijyb
  4139 | D:5      | Found a shadowy altar of Dithmenos.
  4523 | D:6      | Noticed Edmund
  4534 | D:6      | Killed Edmund
  4622 | D:6      | Reached XP level 9. HP: 62/78 MP: 8/8
  4722 | D:6      | Noticed Sigmund
  4735 | D:6      | Killed Sigmund
  4740 | D:6      | Reached skill level 10 in Axes
  5491 | D:7      | Found an ancient bone altar of Kikubaaqudgha.
  5605 | D:7      | Noticed Prince Ribbit
  5616 | D:7      | Killed Prince Ribbit
  5628 | D:7      | Found a staircase to the Ecumenical Temple.
  5934 | D:7      | Noticed Menkaure
  5939 | D:7      | Killed Menkaure
  6330 | D:7      | Reached XP level 10. HP: 85/88 MP: 9/9
  6518 | D:8      | Noticed Joseph
  6557 | D:8      | Noticed Joseph
  6557 | D:8      | Joseph changed into Joseph the hornet
  6577 | D:8      | Killed Joseph the hornet
  7097 | D:8      | Found a glowing golden altar of the Shining One.
  7104 | D:8      | Found Agiziqog's Gadget Boutique.
  7488 | D:9      | Learned a level 1 spell: Magic Dart
  7491 | D:9      | Learned a level 2 spell: Blink
  7642 | D:9      | Found a radiant altar of Vehumet.
  7647 | D:9      | Found a sparkling altar of Nemelex Xobeh.
  7885 | D:9      | Found a staircase to the Orcish Mines.
  8634 | D:4      | Bought a book of Battle for 400 gold pieces
  8645 | D:4      | Learned a level 1 spell: Infusion
  8648 | D:4      | Learned a level 2 spell: Shroud of Golubria
  8651 | D:4      | Learned a level 2 spell: Song of Slaying
  8742 | D:10     | Entered Level 10 of the Dungeon
  8778 | D:10     | Noticed Nergalle
  8792 | D:10     | Killed Nergalle
  9615 | D:10     | Noticed Erolcha
  9624 | D:10     | Killed Erolcha
  9624 | D:10     | Reached skill level 1 in Spellcasting
  9624 | D:10     | Reached skill level 1 in Charms
  9624 | D:10     | Reached XP level 11. HP: 97/97 MP: 11/11
  9716 | D:10     | Noticed a two-headed ogre
  9725 | D:10     | Killed a two-headed ogre
 10139 | D:11     | Reached skill level 1 in Evocations
 11241 | D:11     | Found a staircase to the Lair.
 11473 | D:11     | Reached skill level 10 in Armour
 11695 | D:11     | Noticed Grum
 11704 | D:11     | Killed Grum
 11918 | Lair:1   | Entered Level 1 of the Lair of Beasts
 11988 | Lair:1   | Found a dark tunnel.
 12076 | Volcano  | Entered a volcano
 12079 | Volcano  | Noticed a wizard
 12115 | Volcano  | Killed a wizard
 12203 | Volcano  | Noticed a mace of flaming
 12209 | Volcano  | Killed a mace of flaming
 12292 | Volcano  | Noticed a wizard
 12292 | Volcano  | Noticed a wizard
 12305 | Volcano  | Reached skill level 10 in Fighting
 12305 | Volcano  | Reached XP level 12. HP: 98/106 MP: 15/15
 13990 | Lair:2   | Noticed Gastronok
 14267 | Lair:2   | Killed Gastronok
 14276 | Lair:2   | Found a hole to the Spider Nest.
 14388 | Lair:2   | Reached skill level 15 in Axes
 14716 | Lair:2   | Found a staircase to the Shoals.
 16058 | Lair:3   | Reached XP level 13. HP: 79/116 MP: 16/18
 17108 | Lair:3   | Reached skill level 1 in Polearms
 20302 | Lair:5   | Found a runed door.
 20302 | Lair:5   | Found a viscous altar of Jiyva.
 20302 | Lair:5   | Found a staircase to the Slime Pits.
 20650 | Lair:6   | Entered Level 6 of the Lair of Beasts
 21441 | Lair:6   | Reached skill level 5 in Charms
 21962 | Lair:6   | Reached skill level 5 in Spellcasting
 21962 | Lair:6   | Reached XP level 14. HP: 90/126 MP: 20/20
 23670 | Lair:6   | Reached skill level 10 in Shields
 25441 | Orc:1    | Entered Level 1 of the Orcish Mines
 25441 | Orc:1    | Noticed an orc warlord
 25758 | D:8      | Killed an orc warlord
 26904 | Orc:2    | Entered Level 2 of the Orcish Mines
 26904 | Orc:2    | Found a staircase to the Elven Halls.
 26941 | Orc:2    | Noticed Maurice
 26941 | Orc:2    | Noticed an orc warlord
 27234 | D:9      | Killed an orc warlord
 27290 | Orc:2    | Killed Maurice
 27910 | Orc:2    | Found Rikeg's Magic Scroll Boutique.
 28131 | Orc:1    | Reached XP level 15. HP: 124/135 MP: 23/23
 28443 | Orc:2    | Found Onahuelu's Book Shoppe.
 28444 | Orc:2    | Found Okhlydeg's Assorted Antiques.
 28444 | Orc:2    | Found Qoggainu's Antique Armour Emporium.
 28572 | Orc:2    | Noticed an orc warlord
 28822 | Orc:2    | Killed an orc warlord
 29091 | Orc:2    | Bought a fine plate armour for 616 gold pieces
 29098 | Orc:2    | Bought a scroll of identify for 66 gold pieces
 29099 | Orc:2    | Identified the +10 plate armour of Hangman {+Fly Str+6} (You bought it in a shop on level 2 of the Orcish Mines)
 29160 | Orc:2    | Bought a scorched war axe for 280 gold pieces
 29162 | Orc:2    | Identified the cursed +1 war axe of Popular Demand {protect, +Fly rC+ Dex+4} (You bought it in a shop on level 2 of the Orcish Mines)
 29195 | Orc:2    | Bought a scroll of identify for 30 gold pieces
 29195 | Orc:2    | Bought a scroll of identify for 30 gold pieces
 29195 | Orc:2    | Bought a scroll of identify for 30 gold pieces
 29195 | Orc:2    | Bought a scroll of identify for 30 gold pieces
 29195 | Orc:2    | Bought a scroll of identify for 30 gold pieces
 29195 | Orc:2    | Bought a scroll of identify for 30 gold pieces
 29195 | Orc:2    | Bought a scroll of identify for 30 gold pieces
 29195 | Orc:2    | Bought a scroll of teleportation for 45 gold pieces
 29197 | Orc:2    | Bought a white potion for 29 gold pieces
 29438 | Orc:2    | Bought a twisted jewelled staff for 396 gold pieces
 29453 | Orc:2    | Learned a level 3 spell: Regeneration
 29457 | Orc:2    | Learned a level 3 spell: Spectral Weapon
 30304 | D:12     | Noticed Rupert
 30342 | D:12     | Killed Rupert
 30845 | D:12     | Noticed Kirke
 30862 | D:12     | Killed Kirke
 31349 | D:13     | Noticed Snorg
 31364 | D:13     | Killed Snorg
 31626 | D:13     | Found Kautt's Assorted Antiques.
 31637 | D:13     | Found a blossoming altar of Fedhas.
 31798 | D:13     | Found a gate to the Vaults.
 32264 | D:14     | Found a snail-covered altar of Cheibriados.
 32617 | D:14     | Reached XP level 16. HP: 145/145 MP: 25/25
 33179 | D:15     | Entered Level 15 of the Dungeon
 33685 | D:15     | Found a staircase to the Depths.
 33841 | D:15     | Found a portal to a secret trove of treasure.
 34587 | Depths:1 | Entered Level 1 of the Depths
 34587 | Depths:1 | Found a shadowy altar of Dithmenos.
 34997 | Depths:1 | Noticed a lich
 35537 | Shoals:1 | Entered Level 1 of the Shoals
 36885 | Shoals:1 | Reached skill level 5 in Dodging
 39053 | Shoals:3 | Cast into level 2 of the Abyss (merfolk impaler)
 39053 | Abyss:2  | Found a corrupted altar of Lugonu.
 39166 | Abyss:2  | Found a corrupted altar of Lugonu.
 39233 | Abyss:3  | Noticed a tentacled starspawn
 39249 | Abyss:3  | Killed a tentacled starspawn
 39249 | Abyss:3  | Reached XP level 17. HP: 108/154 MP: 27/27
 39282 | Abyss:3  | Found a corrupted altar of Lugonu.
 39586 | Abyss:3  | Found a corrupted altar of Lugonu.
 39647 | Shoals:3 | Escaped the Abyss
 40817 | Shoals:3 | Reached skill level 15 in Fighting
 41145 | Shoals:4 | Entered Level 4 of the Shoals
 41164 | Shoals:3 | HP: 5/156 [merfolk impaler/trident (6)]
 41580 | Shoals:4 | Noticed Ilsuiw
 41593 | Shoals:4 | Reached skill level 15 in Armour
 41730 | Shoals:4 | Killed Ilsuiw
 41730 | Shoals:4 | Reached skill level 1 in Necromancy
 42181 | Shoals:4 | Found Tuefay's Jewellery Emporium.
 43851 | Shoals:4 | Got a barnacled rune of Zot
 44564 | Spider:1 | Entered Level 1 of the Spider Nest
 44565 | Spider:1 | Found a frozen archway.
 44591 | IceCv    | Entered an ice cave
 44866 | IceCv    | Reached XP level 18. HP: 130/166 MP: 22/29
 45384 | IceCv    | Noticed an Ice Fiend
 45603 | IceCv    | Killed an Ice Fiend
 46346 | Spider:1 | Reached skill level 1 in Hexes
 49459 | Spider:2 | Paralysed by fainting for 9 turns
 49757 | Spider:3 | Noticed Donald
 49772 | Spider:3 | Killed Donald
 50582 | Spider:3 | Reached skill level 15 in Shields
 50896 | Spider:4 | Entered Level 4 of the Spider Nest
 51739 | Spider:4 | Paralysed by a hornet for 1 turns
 52825 | Spider:4 | Reached XP level 19. HP: 143/174 MP: 25/31
 53989 | Spider:4 | Got a gossamer rune of Zot
 54754 | Vaults:1 | Entered Level 1 of the Vaults
 57539 | Vaults:2 | Reached skill level 10 in Spellcasting
 57787 | Vaults:2 | Paralysed by an orc sorcerer for 4 turns
 58552 | Vaults:2 | Found a staircase to the Crypt.
 58560 | Vaults:2 | Reached XP level 20. HP: 110/184 MP: 21/33
 58860 | Vaults:2 | Found Larphi Hele's General Store.
 59193 | Vaults:2 | Reached skill level 10 in Charms
 63245 | Vaults:4 | Found Kuihygos's Food Shop.
 64675 | Vaults:4 | Reached XP level 21. HP: 189/194 MP: 34/34
 64971 | Vaults:4 | Found Iloageut's Magic Scroll Emporium.
 66452 | Vaults:4 | Found Deatwesomm's Assorted Antiques.
 69984 | Spider:3 | Paralysed by a hornet for 3 turns
 72573 | D:9      | Got a scintillating iron ring
 72608 | D:9      | Identified the ring "Neitango" {Wiz rElec rN+ Dex+3} (You found it on level 9 of the Dungeon)
 74988 | Vaults:4 | Bought a large coral ring for 245 gold pieces
 75145 | Vaults:4 | Identified the +5 hand crossbow of Defiance {elec, Stlth+} (You took it off an orc knight on level 4 of the Vaults)
 75295 | Vaults:3 | Identified the cursed +1 leather armour "Saigal" {rElec rPois Slay+3 Stlth+} (You found it on level 3 of the Vaults)
 75381 | Vaults:3 | Identified the +2 robe "Forget-Me-Not" {Int+4} (You found it on level 3 of the Vaults)
 76740 | Elf:1    | Entered Level 1 of the Elven Halls
 76890 | Elf:1    | Found a ruined gateway.
 76916 | Desolati | Entered the Desolation of Salt
 77045 | Desolati | Noticed Agrougrou's ghost (adept DsFi)
 77322 | Desolati | Got a slimy amber ring
 77327 | Desolati | Got a coiled ivory ring
 77335 | Desolati | Got a sparkling glass ring
 77476 | Desolati | Reached XP level 22. HP: 181/206 MP: 36/36
 77620 | Desolati | Got a faintly glowing bone ring
 77623 | Desolati | Got a fine lapis lazuli ring
 77975 | Desolati | Killed Agrougrou's ghost
 78360 | Desolati | Identified the cursed +3 mace "Agruxuss" {flame, +Rage +Fly Int-3} (You found it in the Desolation of Salt)
 78518 | Desolati | Identified the +5 rapier of Sunlight {speed, rN+} (You found it in the Desolation of Salt)
 78641 | Desolati | Identified the +0 mace of Ru's Benevolence {crush, Str+3 Dex+3} (You found it in the Desolation of Salt)
 78646 | Desolati | Identified the cursed +1 battleaxe of Rauf {venom, Str+6} (You found it in the Desolation of Salt)
 78727 | Desolati | Identified the +9 great sword "Vyinicw" {venom, rF+} (You found it in the Desolation of Salt)
 79728 | Elf:2    | Found Lokloh's Luxury Loot.
 80142 | Elf:2    | Paralysed by fainting for 8 turns
 80183 | Elf:2    | Found a huge runed gate.
 80183 | Elf:2    | Found a huge runed gate.
 80183 | Elf:2    | Found a huge runed gate.
 80184 | Elf:2    | Found a huge runed gate.
 80188 | Elf:2    | Found a huge runed gate.
 81293 | Elf:3    | Entered Level 3 of the Elven Halls
 82336 | Elf:3    | Found Xigifiyfe's Antique Armour Boutique.
 82545 | Elf:3    | Found a radiant altar of Vehumet.
 83597 | Elf:2    | Identified the ring of Gusimn {rC+ Dex-5 Slay+3 Stlth+} (You found it in the Desolation of Salt)
 83598 | Elf:2    | Identified the ring "Zoeguxte" {rC+ rN+ MR+ Dex+4 Stlth-} (You found it in the Desolation of Salt)
 83599 | Elf:2    | Identified the ring "Figyfar" {*Corrode rElec rF+ MP+9 Str+8} (You found it in the Desolation of Salt)
 83600 | Elf:2    | Identified the ring of Erorch {rF+ rN+++ MR+ Int-3 Stlth+} (You found it in the Desolation of Salt)
 83601 | Elf:2    | Identified the ring of the Thirsty Blessings {Str+2 Int+5 SInv} (You found it in the Desolation of Salt)
 84780 | Elf:3    | Identified the cursed ring "Doqaytimp" {rF+ EV-2} (You took it off a deep elf demonologist on level 3 of the Elven Halls)
 84788 | Elf:3    | Identified the ring of Koypoo Xiuh {rPois Str+5 Stlth-} (You took it off a deep elf high priest on level 3 of the Elven Halls)
 84789 | Elf:3    | Identified the +4 scale mail "Yfaed" {MR+ MP+9 Str-4} (You took it off a deep elf high priest on level 3 of the Elven Halls)
 84873 | Elf:1    | Reached XP level 23. HP: 206/216 MP: 35/37
 85143 | Depths:1 | Found Riaf's Jewellery Shoppe.
 85902 | Depths:1 | Noticed a shard shrike
 85902 | Depths:1 | an iron dragon changed into a shard shrike
 85903 | Depths:1 | a shard shrike changed into a titan
 85906 | Depths:1 | Noticed a shard shrike
 85906 | Depths:1 | a titan changed into a shard shrike
 85908 | Depths:1 | Killed a shard shrike
 86042 | Depths:1 | Noticed a juggernaut
 86444 | D:15     | Killed a juggernaut
 87257 | Depths:1 | Identified the +8 demon blade "Ymyhuttad" {elec, rF++ MR+} (You took it off a crimson imp on level 1 of the Depths)
 87339 | Depths:1 | Found a gateway to Hell.
 88042 | Depths:2 | Found a gateway to a ziggurat.
 88736 | Depths:2 | Paralysed by fainting for 6 turns
 88933 | Depths:2 | Found Teqyim's Magic Scroll Shoppe.
 89068 | Depths:2 | Found an iron altar of Okawaru.
 89103 | Depths:3 | Noticed Qrupt's ghost (veteran HaFi)
 89486 | Depths:3 | Killed Qrupt's ghost
 90604 | Depths:3 | Reached XP level 24. HP: 186/228 MP: 36/37
 90682 | Depths:3 | Noticed an ancient lich
 90698 | Depths:3 | Killed an ancient lich
 90816 | Depths:3 | Found Kaem's Food Emporium.
 90830 | Depths:3 | Paralysed by fainting for 11 turns
 91422 | Depths:3 | Found a one-way gate leading to the halls of Pandemonium.
 92120 | Depths:4 | Noticed Jory
 92338 | Depths:4 | Found Gozag's Antique Weapon Emporium.
 92392 | Depths:4 | Found Gozag's Antique Armour Shoppe.
 92392 | Depths:4 | Found a one-way gate to the infinite horrors of the Abyss.
 92394 | Depths:4 | Found an opulent altar of Gozag.
 92807 | Depths:4 | Found Gozag's Antique Armour Shoppe.
 93123 | Depths:4 | Killed Jory
 93595 | Depths:4 | Paralysed by fainting for 10 turns
 95406 | Depths:5 | Entered Level 5 of the Depths
 95916 | Depths:5 | Found a gate to the Realm of Zot.
 96858 | Depths:5 | Reached skill level 1 in Translocations
 97482 | Depths:4 | Reached XP level 25. HP: 238/238 MP: 32/37
 98263 | Depths:5 | Found Rubuv's Assorted Antiques.
 98691 | Depths:5 | Noticed a juggernaut
 98704 | Depths:5 | Killed a juggernaut
 98827 | Depths:5 | Paralysed by a floating eye for 4 turns
 98836 | Depths:5 | Paralysed by a floating eye for 4 turns
 99338 | Hell     | Entered the Vestibule of Hell
 99338 | Hell     | Noticed Geryon
 99821 | Hell     | Killed Geryon
100379 | Hell     | Found a gateway to the freezing wastes of Cocytus.
100642 | Hell     | Found a gateway to the ashen valley of Gehenna.
101390 | Hell     | Found a gateway to the Iron City of Dis.
101518 | Hell     | Found a gateway to the decaying netherworld of Tartarus.
103155 | Crypt:1  | Entered Level 1 of the Crypt
103495 | Crypt:1  | Got a scintillating steel amulet
103511 | Crypt:1  | Identified the amulet "Faopn" {Harm *Drain rPois Str-2 Slay+4 Stlth+} (You found it on level 1 of the Crypt)
105196 | Crypt:2  | Reached XP level 26. HP: 251/251 MP: 37/37
106262 | Crypt:3  | Entered Level 3 of the Crypt
106411 | Crypt:3  | Found a staircase to the Tomb.
112024 | Depths:1 | Identified the +1 ring mail of Leapfrog {Str+4} (You found it on level 1 of the Depths)
113846 | Depths:2 | Bought a scroll of fog for 26 gold pieces
114773 | Depths:3 | Identified the +0 ring mail of Patterns {rF+ Int+5} (You found it on level 3 of the Depths)
115191 | Depths:4 | Bought a pair of encrusted gloves for 950 gold pieces
115212 | Depths:4 | Identified the +1 pair of gloves "Rerhaw" {*Corrode Str+6 Int+6} (You bought it in a shop on level 4 of the Depths)
116779 | Vaults:5 | Entered Level 5 of the Vaults
116803 | Vaults:5 | Reached XP level 27. HP: 224/264 MP: 28/37
117889 | Vaults:5 | Noticed dvd's ghost (adept FeTm)
117891 | Vaults:5 | Reached skill level 5 in Translocations
118164 | Vaults:5 | Killed dvd's ghost
119123 | Vaults:5 | Reached skill level 10 in Translocations
119787 | Vaults:5 | Identified a scroll of acquirement
119971 | Vaults:5 | Got a silver rune of Zot
120969 | Geh:1    | Entered Level 1 of Gehenna
122211 | Geh:1    | Paralysed by an eldritch tentacle for 5 turns
126320 | Geh:2    | Reached skill level 10 in Dodging
127319 | Geh:2    | Paralysed by fainting for 12 turns
128430 | Hell     | Gained mutation: You are dopey. (Int -2) [mutagenic glow]
128471 | Hell     | Gained mutation: Your movements are slightly less encumbered by armour. (ER -2) [mutagenic glow]
134404 | Elf:3    | Reached skill level 27 in Axes
134487 | Elf:3    | Identified the cursed +0 pair of boots of the Little Devil {Str+3} (You found it on level 3 of the Elven Halls)
135547 | Geh:5    | Gained mutation: Your magical capacity is low. (-10% MP) [mutagenic glow]
135612 | Geh:5    | Gained mutation: Scrolls take you a little longer to read. [mutagenic glow]
136970 | Geh:5    | Gained mutation: Scrolls take you longer to read. [mutagenic glow]
137430 | Geh:7    | Entered Level 7 of Gehenna
137720 | Geh:7    | Gained mutation: You are frail. (-10% HP) [mutagenic glow]
137807 | Geh:7    | Gained mutation: You are resistant to electric shocks. (rElec) [mutagenic glow]
138715 | Geh:7    | Noticed Asmodeus
138773 | Geh:7    | HP: 12/243 [balrug/bolt of fire[Asmodeus] (4)]
139316 | Geh:7    | Reached skill level 27 in Shields
139404 | Geh:7    | Lost mutation: Your magical capacity is low. (-10% MP) [mutagenic glow]
139448 | Geh:7    | Gained mutation: Your magical capacity is low. (-10% MP) [mutagenic glow]
140022 | Geh:7    | Gained mutation: You are weak. (Str -2) [mutagenic glow]
140120 | Geh:7    | Gained mutation: Your body sometimes deteriorates upon taking damage. [mutagenic glow]
140150 | Geh:7    | Gained mutation: You possess an exceptional clarity of mind. [mutagenic glow]
140277 | Geh:7    | Reached skill level 27 in Fighting
140358 | Geh:7    | Reached skill level 15 in Dodging
140721 | Geh:7    | Killed Asmodeus
140750 | Geh:7    | Got an obsidian rune of Zot
141201 | Geh:7    | Identified the Grimoire of Snow and Beguiling
141212 | Geh:7    | Identified the +9 hand crossbow of Debt {venom, rF+ Dex+2} (You found it on level 7 of Gehenna)
141220 | Geh:7    | Identified a +2 pair of boots of running (You found it on level 7 of Gehenna)
141360 | Geh:7    | Identified the cursed +0 scale mail of a treasure trove {rPois Int+4 Dex+2} (You found it on level 7 of Gehenna)
142290 | Lair:1   | Lost mutation: Scrolls take you longer to read. [potion of mutation]
142290 | Lair:1   | Lost mutation: Your body sometimes deteriorates upon taking damage. [potion of mutation]
142290 | Lair:1   | Lost mutation: You are frail. (-10% HP) [potion of mutation]
142290 | Lair:1   | Gained mutation: You have sharp toenails. [potion of mutation]
142553 | Depths:1 | Bought an uncursed ring of resist corrosion for 340 gold pieces
143024 | Slime:1  | Entered Level 1 of the Pits of Slime
143691 | Slime:2  | Found a viscous altar of Jiyva.
143760 | Slime:2  | Gained mutation: Scrolls take you longer to read. [a shining eye]
143764 | Slime:2  | Gained mutation: You are occasionally teleported next to monsters. [a shining eye]
143808 | Slime:2  | Gained mutation: You are frail. (-10% HP) [a shining eye]
144206 | Slime:3  | Gained mutation: Scrolls take you much longer to read. [a shining eye]
144457 | Slime:4  | Gained mutation: Your magical capacity is very low. (-20% MP) [a shining eye]
144474 | Slime:5  | Entered Level 5 of the Pits of Slime
144507 | Slime:5  | Noticed the Royal Jelly
145447 | Slime:5  | Killed the Royal Jelly
145851 | Slime:5  | Got a slimy rune of Zot
145867 | Slime:5  | Identified the Papyrus of Twisted Toxins
146972 | Slime:5  | Identified the +7 scimitar of Ash {flame, SInv Stlth+} (You found it on level 5 of the Pits of Slime)
148256 | Slime:3  | Gained mutation: You are very weak. (Str -4) [a shining eye]
148913 | Slime:1  | Gained mutation: Your body sometimes deteriorates upon taking damage. [a shining eye]
148928 | Slime:1  | HP: 12/245 [acid (6)]
148931 | Slime:1  | HP: 2/245 [acid (8)]
148931 | Slime:1  | Splashed by an acid blob's acid

Skill      XL: |  1  2  3  4  5  6  7  8  9 10 11 12 13 14 15 16 17 18 19 20 21 22 23 24 25 26 27 |
---------------+----------------------------------------------------------------------------------+-----
Fighting       | 4 5 6 8 9 10 11 12 13 14 15 16 17 18 19 20 21 22 23 24 27 | 27.0
Shields        | 4 5 6 7 8 9 10 11 13 14 15 16 17 18 19 20 21 23 24 27 | 27.0
Armour         | 4 5 6 7 8 9 10 11 12 13 14 15 16 17 18 19 20 25 | 25.4
Axes           | 4 6 8 9 11 13 14 15 16 17 18 19 20 21 22 23 24 25 27 | 27.0
Dodging        | 1 2 3 4 5 6 7 17 | 17.2
Stealth        | 1 2 3 4 |  4.9
Spellcasting   | 1 2 4 5 6 7 8 9 10 11 | 11.0
Charms         | 1 3 4 5 6 7 8 9 10 11 12 13 | 13.2
Evocations     | 1 4 |  4.3
Polearms       | 2 3 |  3.4
Necromancy     | 1 3 |  3.7
Hexes          | 2 |  2.0
Translocations | 1 11 | 11.1

Action                   |  1- 3 |  4- 6 |  7- 9 | 10-12 | 13-15 | 16-18 | 19-21 | 22-24 | 25-27 || total
-------------------------+-------+-------+-------+-------+-------+-------+-------+-------+-------++-------
Melee: War axe           |    97 |   109 |   274 |   754 |   913 |    50 |       |       |       ||  2197
       Headbutt          |    16 |    18 |    55 |   176 |   413 |   501 |   533 |   739 |  1994 ||  4445
       Trident           |       |       |       |       |    41 |       |     4 |       |       ||    45
       Broad axe         |       |       |       |       |   431 |  1599 |  1700 |  2071 |  5556 || 11357
       Executioner's axe |       |       |       |       |       |       |       |    26 |       ||    26
 Cast: Regeneration      |       |       |       |       |       |    20 |     3 |     7 |   107 ||   137
       Blink             |       |       |       |       |       |       |       |     2 |     1 ||     3
       Shroud of Golubri |       |       |       |       |       |       |       |     9 |    15 ||    24
       Infusion          |       |       |       |       |       |       |       |     5 |    11 ||    16
       Spectral Weapon   |       |       |       |       |       |       |       |       |     3 ||     3
       Magic Dart        |       |       |       |       |       |       |       |       |     1 ||     1
       Song of Slaying   |       |       |       |       |       |       |       |       |     1 ||     1
Evoke: Wand              |       |       |     1 |    18 |     5 |     6 |     4 |     4 |    13 ||    51
       Lightning rod     |       |       |       |       |       |       |     1 |       |     3 ||     4
       Lamp of fire      |       |       |       |       |       |       |       |     1 |     3 ||     4
       Sceptre of Asmode |       |       |       |       |       |       |       |       |     5 ||     5
       Phial of floods   |       |       |       |       |       |       |       |       |     1 ||     1
  Use: Scroll            |       |     8 |     8 |     5 |    23 |     5 |    13 |    25 |    32 ||   119
       Potion            |       |     1 |       |     1 |       |    12 |     4 |     4 |    26 ||    48
 Stab: Paralysed         |       |       |     2 |     5 |    11 |     1 |       |       |       ||    19
       Confused          |       |       |       |     3 |     2 |       |       |       |       ||     5
       Petrified         |       |       |       |       |     6 |       |       |       |       ||     6
       Distracted        |       |       |       |       |       |       |     2 |     1 |     5 ||     8
       Invisible         |       |       |       |       |       |       |       |       |     1 ||     1
  Eat: Chunk             |     1 |     5 |    12 |    19 |    46 |    25 |    59 |    35 |    24 ||   226
       Fruit             |       |       |       |     7 |    10 |     9 |     9 |       |    19 ||    54
       Royal jelly       |       |       |       |     2 |       |    14 |     7 |     6 |     8 ||    37
       Meat ration       |       |       |       |       |       |     1 |       |     4 |    19 ||    24
       Bread ration      |       |       |       |       |       |       |       |       |     8 ||     8
Armor: Scale mail        |    54 |    62 |    71 |       |       |       |       |       |    10 ||   197
       Plate armour      |       |       |    11 |   375 |   709 |  1183 |   941 |   919 |  2412 ||  6550
       Skin              |       |       |       |       |       |       |     3 |       |       ||     3
Dodge: Dodged            |    32 |    63 |   118 |   231 |   379 |   694 |   562 |   566 |  1672 ||  4317
Block: Shield            |    48 |       |       |    16 |   662 |  1450 |  1304 |  1389 |  4284 ||  9153
       Buckler           |     8 |    35 |    59 |    83 |       |       |       |       |       ||   185
       Large shield      |       |       |       |       |       |       |       |       |   634 ||   634
